AoeStats
← mukosdrum

Hideout

503547176Analyzed
3v3 RM · 1mo ago on Sep 1, 2026· 40m 51s· 6 players
Game mode
Random Map
Map size
Normal (6 player)
Population
200
Speed
Normal
Resources
Standard
Victory
Conquest
Starting age
Dark Age
Ending age
Imperial Age
RankedLock teamsTeams togetherTeam positionsShared explorationLock speedFull tech treeHidden civsTurbo modeCheats
Victory
Defeat
🇦🇷 Burgundians · Argentina
1130
+12
🇨🇱 Goths · Chile
1045
+16
🇨🇱 Huns · Chile
1003
+18
🇺🇸 Ethiopians · United States
1125
-19
🇺🇸 Maya · United States
1123
-19
🇺🇸 Byzantines · United States
864
-8
WillrowHood
0:34 Loom
11:46 Feudal Age
16:17 Castle Age
15:24 Double-Bit Axe
20:51 Fletching
27:30 Bodkin Arrow
28:50 Padded Archer Armor
32:11 Gold Mining
32:07 Pikeman
aRosebud
12:51 Feudal Age
18:09 Castle Age
16:41 Double-Bit Axe
16:40 Horse Collar
18:39 Gold Mining
18:39 Stone Mining
18:55 Husbandry
20:13 Bow Saw
21:29 Heavy Plow
26:42 Wheelbarrow
27:58 Greek Fire
29:59 Ballistics
29:37 Murder Holes
mukosdrum
10:49 Feudal Age
14:42 Castle Age
13:07 Double-Bit Axe
18:30 Bow Saw
19:09 Horse Collar
19:28 Loom
20:50 Heavy Plow
23:26 Crossbowman
25:05 Fletching
26:29 Gold Mining
26:29 Stone Mining
28:05 Gold Shaft Mining
27:42 Bodkin Arrow
29:31 Wheelbarrow
33:01 Imperial Age
31:10 Thumb Ring
31:09 Padded Archer Armor
31:43 Hand Cart
34:02 Bracer
34:23 Leather Archer Armor
35:30 Ballistics
35:18 Arbalester
39:20 Ring Archer Armor
Arzzeus
5:53 Loom
9:48 Feudal Age
15:49 Castle Age
17:17 Double-Bit Axe
19:43 Marauders
26:33 Ballistics
26:41 Elite Skirmisher
27:26 Husbandry
27:15 Horse Collar
31:14 Bloodlines
31:30 Heavy Plow
35:50 Scale Barding Armor
38:53 Imperial Age
cacadecaca38
10:50 Feudal Age
11:10 Man-at-Arms
18:30 Double-Bit Axe
20:31 Loom
25:01 Castle Age
25:16 Forging
25:07 Scale Mail Armor
26:02 Wheelbarrow
26:37 Iron Casting
25:50 Horse Collar
26:26 Squires
26:42 Bow Saw
26:35 Heavy Plow
30:21 Gold Mining
32:05 Hand Cart
35:05 Anarchy
Federati
3:27 Double-Bit Axe
7:45 Horse Collar
10:45 Feudal Age
12:32 Bow Saw
17:13 Castle Age
16:51 Heavy Plow
17:02 Scale Barding Armor
17:43 Cavalier
18:23 Husbandry
20:13 Gold Mining
22:11 Gold Shaft Mining
23:05 Chain Barding Armor
24:01 Forging
27:25 Iron Casting
28:30 Wheelbarrow
29:04 Two-Man Saw
35:38 Imperial Age
35:45 Paladin
38:26 Plate Barding Armor
41:48 Blast Furnace
42:30 Blast Furnace
Connection lost

Rejoining the realm…

Still unreachable

The connection could not be restored.

Session expired

The server has moved on; the page needs a fresh start.